 Dungeon Crawl Stone Soup version 0.31-a0-636-ge1c0e020e0 (webtiles) character file.

Game seed: 1752447900930203603

511154 Jackthecabe the Pyromancer (level 23, -2/190 HPs)
             Began as a Mummy Fire Elementalist on Aug 26, 2023.
             Was a High Priest of Ashenzari.
             Slain by a death cob (9 damage)
             ... on level 2 of the Realm of Zot.
             The game lasted 04:31:14 (120920 turns).

Jackthecabe the Pyromancer (MuFE)                 Turns: 120920, Time: 04:31:15

Health: -2/190     AC: 16    Str: 11    XL:     23   Next: 93%
Magic:  7/39       EV: 16    Int: 41    God:    Ashenzari [*****.]
Gold:   4255       SH: 12    Dex: 13    Spells: 11/47 levels left

rFire   + . .        O - +6 war axe "Visionary Failure" {heavy, Int+5, Self, Elem} (curse)
rCold   + + .        Q - +1 kite shield "Moon of the Cosmic Seer" {reflect, Cun, Elem} (curse)
rNeg    + + +        H - +3 leather armour of Ashenzari's Secrets {rC+ rF+, Self, Bglg} (curse)
rPois   ∞            g - +2 helmet of the Shackled Moon {+Inv rElec Int+5, Comp, Self} (curse)
rElec   +            f - +2 cloak of the Fated Desperation {Bglg, Fort} (curse)
rCorr   .            o - +0 pair of gloves "Eternal Together" {Alch, Fort} (curse)
SInv    +            d - +2 pair of boots of the Cryptic Boredom {Dev, Bglg} (curse)
Will    ++...        A - amulet of the Ensconced Mistrust {Regen+, Elem, Self} (curse)
Stlth   +++          I - +6 ring of intelligence
HPRegen 1.31/turn    J - ring of Supernal Knowledge {rF+, Elem, Self} (curse)
MPRegen 0.26/turn

%: reflection, clarity, faith
@: corroded, very slightly contaminated, slowed, studying 3 skills, very slow
A: cold resistance 1, negative energy resistance 3, torment resistance 2, heat
vulnerability 1, in touch with death 2, no potions, faith
}: 3/15 runes: decaying, serpentine, abyssal
a: Renounce Religion, Evoke Invisibility, Curse Item, Shatter the Chains


You were on level 2 of the Realm of Zot.
You worshipped Ashenzari.
Ashenzari was extremely pleased with you.
You visited 10 branches of the dungeon, and saw 45 of its levels.
You visited the Abyss 1 time.
You also visited: Ice Cave.

You collected 6498 gold pieces.
You spent 2243 gold pieces at shops.


Innate Abilities, Weirdness & Mutations

You are immune to poison.
Your flesh is cold resistant. (rC+)
You are immune to negative energy. (rN+++)
You are immune to unholy pain and torment.
You are vulnerable to heat. (rF-)
You are strongly in touch with the powers of death.
You do not drink.
You have a special connection with the divine. (Faith)


   Skills:
 - Level 12.4(18.2) Fighting
 - Level 4.0 Maces & Flails
 - Level 10.9(14.0) Armour
 - Level 11.8(13.9) Dodging
 - Level 4.0(6.0) Stealth
 - Level 7.2(10.4) Shields
 - Level 7.0(12.7) Spellcasting
 - Level 16.5(20.5) Conjurations
 - Level 5.8(8.0) Summonings
 - Level 6.8(9.0) Transmutations
 * Level 24.0(27) Fire Magic
 - Level 6.2(11.1) Ice Magic
 - Level 6.1(11.0) Air Magic
 - Level 4.3(6.3) Evocations


You had 11 spell levels left.
You knew the following spells:

 Your Spells              Type           Power      Damage    Failure   Level
c - Freezing Cloud        Conj/Ice/Air   48%        6-21      1%          5
d - Orb of Destruction    Conj           57%        9d14      1%          7
f - Foxfire               Conj/Fire      100%       2x1d9     0%          1
i - Irradiate             Conj/Tmut      49%        3d28      1%          5
l - Fireball              Conj/Fire      60%        3d23      0%          5
s - Spellforged Servitor  Conj/Summ      48%        N/A       10%         7
X - Scorch                Fire           100%       2d9       0%          2
Y - Flame Wave            Conj/Fire      100%       2d21      0%          4

Your spell library contained the following spells:

 Spells                   Type           Power      Damage    Failure   Level
 Magic Dart               Conj           100%       1d8       0%          1
 Shock                    Conj/Air       100%       1d9       0%          1
 Searing Ray              Conj           100%       2d8       0%          2
 Static Discharge         Conj/Air       100%       2-7/arc   0%          2
 Sticky Flame             Conj/Fire      100%       2d11      0%          4
 Sting                    Tmut/Pois      100%       1d8       1%          1
 Ensorcelled Hibernation  Hex/Ice        100%       N/A       1%          2
 Poisonous Vapours        Pois/Air       100%       N/A       1%          2
 Dazzling Flash           Conj/Hex       100%       N/A       1%          3
 Hailstorm                Conj/Ice       100%       3d20      1%          3
 Inner Flame              Hex/Fire       95%        N/A       1%          3
 Mephitic Cloud           Conj/Pois/Air  85%        N/A       1%          3
 Ozocubu's Armour         Ice            87%        N/A       1%          3
 Summon Guardian Golem    Hex/Summ       57%        N/A       1%          3
 Swiftness                Air            86%        N/A       1%          3
 Volatile Blastmotes      Fire/Tloc      100%       2d18      1%          3
 Airstrike                Air            43%        2d(7-23)  1%          4
 Fulminant Prism          Conj/Hex       42%        3d19      1%          4
 Iskenderun's Mystic Bla  Conj/Tloc      85%        2d17      1%          4
 Summon Ice Beast         Ice/Summ       81%        N/A       1%          4
 Summon Lightning Spire   Summ/Air       81%        N/A       1%          4
 Iskenderun's Battlesphe  Conj           100%       2d15      1%          5
 Conjure Ball Lightning   Conj/Air       51%        3x3d18    1%          6
 Starburst                Conj/Fire      60%        6d16      1%          6
 Slow                     Hex            100%       N/A       3%          1
 Petrify                  Tmut/Erth      60%        N/A       5%          4
 Animate Armour           Summ/Erth      100%       N/A       7%          4
 Confusing Touch          Hex            30%        N/A       10%         3
 Portal Projectile        Hex/Tloc       60%        N/A       10%         3
 Tukima's Dance           Hex            30%        N/A       10%         3
 Metabolic Englaciation   Hex/Ice        32%        N/A       10%         5
 Silence                  Hex/Air        32%        N/A       10%         5
 Vampiric Draining        Necr           59%        2d10      11%         3
 Alistair's Intoxication  Tmut/Pois      39%        N/A       16%         5
 Yara's Violent Unravell  Hex/Tmut       30%        3d13      16%         5
 Summon Forest            Summ/Tloc      28%        N/A       19%         5
 Summon Cactus Giant      Summ           37%        N/A       22%         6
 Anguish                  Hex/Necr       30%        N/A       32%         4
 Olgreb's Toxic Radiance  Pois           28%        N/A       34%         4
 Ozocubu's Refrigeration  Ice            43%        4d17      34%         7
 Simulacrum               Ice/Necr       52%        N/A       52%         6
 Lee's Rapid Deconstruct  Erth           16%        3d10*     63%         5
 Borgnjor's Vile Clutch   Necr/Erth      30%        N/A       65%         5
 Eringya's Noxious Bog    Tmut/Pois      29%        4d6       65%         6
 Agony                    Necr           59%        N/A       69%         5
 Summon Hydra             Summ           37%        N/A       77%         7
 Maxwell's Capacitive Co  Air            43%        ∞         96%         8
 Haunt                    Necr/Summ      47%        N/A       99%         7
 Enfeeble                 Hex            15%        N/A       100%        7
 Dragon's Call            Summ           37%        N/A       100%        9
 Polar Vortex             Ice            43%        12d5*     100%        9
 Sublimation of Blood     Necr           Unusable   N/A       N/A         2
 Borgnjor's Revivificati  Necr           Unusable   N/A       N/A         8
 Death's Door             Necr           Unusable   N/A       N/A         9

Inventory:

Hand Weapons
 O - the cursed +6 war axe "Visionary Failure" (weapon) {heavy, Int+5, Self, Elem}
   (You found it on level 8 of the Dungeon)

   Int+5:     It affects your intelligence (+5).
   It has a curse which improves the following skills: Introspection: Fighting
   and Spellcasting.
   Elements:  Fire Magic, Ice Magic, Air Magic and Earth Magic.
Missiles
 l - 5 curare-tipped darts {=f}
 p - 3 throwing nets {=f}
Armour
 d - the cursed +2 pair of boots of the Cryptic Boredom (worn) {Dev, Bglg}
   (You bought it in a shop on level 2 of the Vaults)

   It has a curse which improves the following skills: Devices: Evocations.
   Beguiling: Conjurations, Hexes and Translocations.
 f - the cursed +2 cloak of the Fated Desperation (worn) {Bglg, Fort}
   (You bought it in a shop on level 1 of the Orcish Mines)

   It has a curse which improves the following skills: Beguiling: Conjurations,
   Hexes and Translocations.
   Fortitude: Armour and Shields.
 g - the cursed +2 helmet of the Shackled Moon (worn) {+Inv rElec Int+5, Comp, Self}
   (You acquired it on level 1 of the Lair of Beasts)

   Int+5:     It affects your intelligence (+5).
   rElec:     It insulates you from electricity.
   +Inv:      It lets you turn invisible.
   It has a curse which improves the following skills: Companions: Summonings
   and Necromancy.
   Introspection: Fighting and Spellcasting.
 o - the cursed +0 pair of gloves "Eternal Together" (worn) {Alch, Fort}
   (You found it on level 4 of the Dungeon)

   It has a curse which improves the following skills: Alchemy: Poison Magic and
   Transmutations.
   Fortitude: Armour and Shields.
 H - the cursed +3 leather armour of Ashenzari's Secrets (worn) {rC+ rF+, Self, Bglg}
   (You found it in an ice cave)

   It has a curse which improves the following skills: Introspection: Fighting
   and Spellcasting.
   Beguiling: Conjurations, Hexes and Translocations.
 Q - the cursed +1 kite shield "Moon of the Cosmic Seer" (worn) {reflect, Cun, Elem}
   (You took it off a naga warrior on level 3 of the Snake Pit)

   It has a curse which improves the following skills: Cunning: Dodging and
   Stealth.
   Elements:  Fire Magic, Ice Magic, Air Magic and Earth Magic.
Magical Staves
 b - the staff "Xeadoi" {rPois rC+ Stlth+ Poison, !a}
   (You found it on level 3 of the Elven Halls)

   [staff of poison]

   Base accuracy: +5 Base damage: 5 Base attack delay: 1.2 This weapon's minimum
   attack delay (0.6) is reached at skill level 12.
   rC+:       It protects you from cold.
   rPois:     It protects you from poison Stlth+: It makes you more stealthy.
   Poison:    It increases the power of your Poison spells.
   It falls into the 'Staves' category.
   It is a one-handed weapon.
 C - the staff of the Snake Pit {Str+3 Int+2 Earth, !a}
   (You found it on level 3 of the Elven Halls)

   [staff of earth]

   Base accuracy: +5 Base damage: 5 Base attack delay: 1.2 This weapon's minimum
   attack delay (0.6) is reached at skill level 12.
   Str+3:     It affects your strength (+3).
   Int+2:     It affects your intelligence (+2).
   Earth:     It increases the power of your Earth spells.
   It falls into the 'Staves' category.
   It is a one-handed weapon.
Jewellery
 c - a ring of protection from cold
 e - a +5 ring of evasion
 i - a +6 ring of intelligence
 m - a ring of magical power
 u - the ring "Sotuv" {*Corrode rC+ rN++ AC+4 Stlth+}
   (You took it off an orc warrior on level 7 of the Dungeon)

   [ring of protection]

   AC+4:      It affects your AC (+4).
   rC+:       It protects you from cold.
   rN++:      It greatly protects you from negative energy.
   *Corrode:  It may corrode you when you take damage.
   Stlth+:    It makes you more stealthy.
 w - a ring of willpower
 A - the cursed amulet of the Ensconced Mistrust (around neck) {Regen+, Elem, Self}
   (You bought it in a shop on level 3 of the Elven Halls)

   [amulet of regeneration]

   Regen+:    It increases your rate of health regeneration.
   It has a curse which improves the following skills: Elements: Fire Magic, Ice
   Magic, Air Magic and Earth Magic.
   Introspection: Fighting and Spellcasting.
 B - the ring of Kukawn {rCorr Dex+2}
   (You took it off a deep elf elementalist on level 3 of the Elven Halls)

   [ring of resist corrosion]

   Dex+2:     It affects your dexterity (+2).
   rCorr:     It protects you from acid and corrosion.
 E - a +5 ring of evasion
 F - a ring of protection from fire
 I - a +6 ring of intelligence (left hand)
 J - the cursed ring of Supernal Knowledge (right hand) {rF+, Elem, Self}
   (You found it on level 5 of the Dungeon)

   [ring of protection from fire]

   rF+:       It protects you from fire.
   It has a curse which improves the following skills: Elements: Fire Magic, Ice
   Magic, Air Magic and Earth Magic.
   Introspection: Fighting and Spellcasting.
 L - a ring of flight
 M - a ring of magical power
 R - a ring of resist corrosion
 Z - a ring of wizardry
Wands
 q - a wand of paralysis (37)
 r - a wand of iceblast (19)
 x - a wand of flame (59)
 z - a wand of light (12)
 D - a wand of digging (17)
 G - a wand of polymorph (17)
Scrolls
 h - 5 scrolls of vulnerability
 j - 6 scrolls of enchant armour
 k - 10 scrolls of teleportation {@r2}
 s - 3 scrolls of revelation
 t - a scroll of blinking
 v - 8 scrolls of enchant weapon
 y - 7 scrolls of poison
 K - 4 scrolls of fear
 N - 4 scrolls of brand weapon
 P - 5 scrolls of amnesia
 S - 7 scrolls of fog
 T - 5 scrolls of immolation
 X - 2 scrolls of torment
Miscellaneous
 a - a phial of floods
 U - a tin of tremorstones (2/2)
 V - a phantom mirror

Dungeon Overview and Level Annotations

Branches:
Dungeon (15/15)            Temple (1/1) D:5            Lair (5/5) D:8
  Swamp (4/4) Lair:2        Snake (4/4) Lair:2        Slime (0/5) Lair:4
    Orc (2/2) D:9             Elf (3/3) Orc:2        Vaults (4/5) D:14
  Crypt (0/3) Vaults:2     Depths (4/4) D:15            Zot (3/5) Depths:4
  IceCv (visited)

Altars:
Ashenzari
Cheibriados
Dithmenos
Fedhas
Gozag
Hepliaklqana
Kikubaaqudgha
Makhleb
Nemelex Xobeh
Okawaru
Qazlal
Ru
Sif Muna
Trog
Uskayaw
Vehumet
Wu Jian
Xom
Yredelemnul
Jiyva

Shops:
D:5 !   D:6 !   D:7 =   Orc:1 [   Orc:2 ?***   Elf:1 *   Elf:3 :==:   Snake:2 *
Vaults:2 [   Vaults:4 [   Depths:1 (

Portals:
Hell: Depths:1 Depths:2 Depths:3 Depths:4
Abyss: Vaults:1 Depths:2 Depths:3
Pandemonium: Depths:2
Ziggurat: Depths:3

Annotations:
Lair:2 exclusion: oklob plant
Lair:5 2 runed translucent doors
Snake:3 1 transporter, Louise
Elf:2 3 runed translucent doors, exclusion: 3 doors
Vaults:1 2 transporters, Joll's ghost, adept FoRe
Depths:1 1 runed translucent door, exclusion: door

#########
######
#.......#
#.....
#.......#
#.....
#.......#
#.....
#.......#
#.....
#d......#
#.....
#..z....#
#.....
#.q@....#
#...:.
#.....[.#
#....(
#d......#
#.....
#####'###
######
#.# #.#
#.#
####.#
#....#


You could see a green draconian monk, a yellow draconian (fleeing, poisoned), a
white draconian (fleeing, poisoned) and a death cob.


Message History

The green draconian hits you but does no damage.
The white draconian closely misses you. You block the death cob's attack.
The green draconian monk hits you but does no damage.
The green draconian monk kicks you!
* * * LOW HITPOINT WARNING * * *
You block the green draconian monk's attack.
The green draconian monk tail-slaps you but does no damage.
The yellow draconian hits you with a +0 hand axe!
* * * LOW HITPOINT WARNING * * *
The green draconian hits you from afar with a +0 trident!
* * * LOW HITPOINT WARNING * * *
You climb upwards.
There is a stone staircase leading down here.
Unknown command.
Unknown command.
Casting: Irradiate (mildly dangerous; 1% risk of failure)
Confirm with . or Enter, or press ? or * to list all spells.
Okay, then.
As you read the scroll of fear, it crumbles to dust.
You assume a fearsome visage.
The yellow draconian looks frightened!
The green draconian monk resists with some effort.
The death cob is unaffected.
The white draconian looks frightened!
The death cob barely misses you. You block the death cob's attack.
The death cob hits you but does no damage.
The green draconian monk hits you!
* * * LOW HITPOINT WARNING * * *
You block the green draconian monk's attack.
The green draconian monk tail-slaps you but does no damage. x2
The death cob hits you!
You die...

Skill      XL: |  1  2  3  4  5  6  7  8  9 10 11 12 13 14 15 16 17 18 19 20 21 22 23 |
---------------+----------------------------------------------------------------------+-----
Conjurations   | 1 2 3 4 5 6 8 9 10 11 12 13 14 16 | 16.5
Fire Magic     | 3 4 5 6 8 9 10 13 16 18 19 20 22 24 | 24.0
Spellcasting   | 3 4 6 7 |  7.0
Fighting       | 4 7 12 | 12.4
Maces & Flails | 3 4 |  4.0
Evocations     | 1 2 4 |  4.3
Transmutations | 6 |  6.8
Armour         | 6 7 10 | 10.9
Dodging        | 6 7 10 11 | 11.8
Ice Magic      | 6 |  6.2
Air Magic      | 6 |  6.1
Shields        | 2 7 |  7.2
Stealth        | 4 |  4.0
Summonings     | 5 |  5.8

Action                     |  1- 3 |  4- 6 |  7- 9 | 10-12 | 13-15 | 16-18 | 19-21 | 22-24 || total
---------------------------+-------+-------+-------+-------+-------+-------+-------+-------++-------
  Melee: Unarmed           |     7 |       |       |       |       |       |       |       ||     7
         Whip              |    11 |    18 |     9 |    44 |    11 |       |       |       ||    93
         Short sword       |     3 |       |       |       |       |       |       |       ||     3
         Punch             |       |       |       |     1 |       |       |       |       ||     1
         War axe           |       |       |       |       |     4 |    41 |    39 |    39 ||   123
         Staff             |       |       |       |       |       |       |     7 |       ||     7
  Throw: Dart              |       |     3 |     5 |     1 |     6 |       |       |       ||    15
   Cast: Foxfire           |    92 |    77 |   205 |   391 |  1049 |     2 |     2 |     1 ||  1819
         Scorch            |     4 |    45 |    92 |   183 |   275 |    19 |       |       ||   618
         Flame Wave        |       |       |     5 |    25 |    32 |       |     1 |       ||    63
         Irradiate         |       |       |       |    40 |   172 |   140 |   254 |   101 ||   707
         Freezing Cloud    |       |       |       |       |    31 |    60 |    41 |    18 ||   150
         Fireball          |       |       |       |       |    24 |   440 |   420 |   389 ||  1273
         Orb of Destructio |       |       |       |       |    12 |    72 |   246 |   103 ||   433
         Spellforged Servi |       |       |       |       |       |       |       |    13 ||    13
 Invoke: Curse Item        |       |       |     1 |     5 |     2 |     1 |       |     4 ||    13
         Shatter the Chain |       |       |       |       |     1 |       |     2 |     1 ||     4
  Evoke: Wand              |       |       |     3 |       |    10 |    10 |    34 |     8 ||    65
         Phial of floods   |       |       |       |       |       |     1 |     2 |     1 ||     4
         Tin of tremorston |       |       |       |       |       |       |     1 |       ||     1
         Phantom mirror    |       |       |       |       |       |       |     2 |     1 ||     3
    Use: Scroll            |     2 |     3 |     4 |     2 |     2 |     4 |    14 |     6 ||    37
   Stab: Sleeping          |       |     1 |       |       |       |       |       |       ||     1
         Invisible         |       |       |       |       |       |       |     1 |       ||     1
         Paralysed         |       |       |       |       |       |       |     1 |       ||     1
 Armour: Robe              |     2 |       |       |       |       |       |       |       ||     2
         Leather armour    |     8 |    12 |    20 |    85 |   165 |   145 |   225 |    97 ||   757
  Dodge: Dodged            |    13 |    21 |    32 |   120 |   268 |   183 |   507 |   174 ||  1318
  Block: Other             |       |       |     8 |    51 |    74 |       |       |       ||   133
         Reflection        |       |       |       |       |    11 |    79 |   105 |    18 ||   213
         Kite shield       |       |       |       |       |    82 |   345 |   790 |   213 ||  1430

Levels and vault maps discovered:
D:1:      scummos_arrival_star, layout_rooms,
          hellmonk_ecumenical_altar_arch_garden, st_stairs_4,
          nicolae_kite_square_tiling_tiny, chequers_avenue
D:2:      minmay_chambers_of_twos, layout_basic, basic_altar
D:3:      layout_loops_ring, mainiacjoe_overflow_cross_hatched, fedhas_altar_2,
          serial_co_window_serial, co_window_corner_a, co_window_corner_a,
          co_window_of_opportunity_a, co_window_of_opportunity_a,
          co_window_paths_a, co_window_paths_a, co_window_of_opportunity_a,
          co_window_broadway_c, co_window_paths_c, co_window_broadway_c,
          co_window_broadway_c, glass_columns_c, glass_columns_a,
          glass_columns_a
D:4:      layout_basic, slow_altar_1, nicolae_overflow_squiral,
          makhleb_altar_promises_db, serial_corexii_hall,
          corexii_hall_statues_i, corexii_hall_statues_l, minmay_pentangle
D:5:      layout_gridville, temple_statues, serial_shops, shop_statue,
          uniq_prince_ribbit1
D:6:      layout_basic, kennysheep_mini, nemelex_dance_club_becter,
          serial_shops, nicolae_diamond_shop
D:7:      layout_rooms, trog_wizard, serial_shops, nicolae_shop_back_alley_shop,
          uniq_menkaure, uniq_duvessa
D:8:      layout_cave_pods, erik_lair_orcish_takeover,
          nicolae_houndstooth_variations, uniq_erica
D:9:      layout_loops_ring, lemuel_doored_altar, nicolae_tso_carved_into_rock,
          special_room [special_room_orc], gammafunk_ghost_hydra_chop,
          nicolae_the_louvre
D:10:     layout_loops_corners, mainiacjoe_overflow_small_starburst, david_greed
D:11:     layout_cave_pods, serial_column_ruins, column_ruins_hut_ruined,
          column_ruins_open_tiny, column_ruins_columns_straight,
          column_ruins_open_tiny_water, column_ruins_grid_3,
          column_ruins_corridor_straight, hangedman_ranch
D:12:     layout_basic
D:13:     layout_cross
D:14:     cheibrodos_fzero, layout_long_grid, ximxim_vaults_locker_room,
          uniq_azrael
D:15:     gammafunk_enter_depths_forms, layout_rooms,
          nicolae_concentric_dashed_squares_mild
Temple:   nicolae_temple_ecumenical_triangle
Lair:1:   layout_gridlike, ebering_ghost_funeral_grove
Lair:2:   beargit_carnivore_pack, layout_layer_cave, nicolae_swamp_entry_spooky,
          guppyfry_snake_entry_island, grunt_megastairs_1
Lair:3:   layout_cave_shapes, disabler_island, uniq_nergalle
Lair:4:   layout_cave_pods, nicolae_slime_entry_field_trip,
          portal_ice_cave_entry_ice_simulacra, cheibrodos_lair_reptile_den,
          grunt_megastairs_3
Lair:5:   cheibrodos_lair_end_hotspot, layout_regular_city,
          serial_bayou_shore_b, serial_bayou_shore_a
Swamp:1:  layout_basic_swamp, evilmike_swamp_ruin_house_3
Swamp:2:  layout_falls_marsh, evilmike_swamp_ruin_house_5, uniq_aizul
Swamp:3:  layout_basic_swamp, evilmike_swamp_ruin_house_2, swamp_pool4,
          st_swamp_ruins_1, uniq_nikola
Swamp:4:  grunt_swamp_rune_castle, layout_basic_swamp, infiniplex_staircase_pool
Snake:1:  layout_grid_maze, uniq_agnes
Snake:2:  cheibrodos_snake_lava_hold, layout_layer_cave, grunt_ministairs_5,
          statue_in_the_mist_lemuel, nicolae_alphabet_shops, lemuel_fruit_tree
Snake:3:  gammafunk_sealed_library, layout_rooms, uniq_louise
Snake:4:  grunt_snake_rune_pools, layout_cave_town
Orc:1:    layout_caves, serial_shops, shop
Orc:2:    st_orc_open, layout_caves, uniq_donald
Elf:1:    eino_elf_arrival_sip, layout_rooms, serial_shops, shop, minivault_28,
          lemuel_flamethrower_3, uniq_frances
Elf:2:    elven_hall_of_blades_hangedman_original
          [nicolae_blade_entry_hurt_lockers], layout_geoelf_octagon,
          uniq_asterion
Elf:3:    elf_hall, layout_geoelf_grid, serial_shops, shop, minmay_shop_grove
Vaults:1: gammafunk_ghost_abyssal_escape, nicolae_vaults_angled_halls,
          ontoclasm_vaults_eye, nicolae_vaults_trapezoid_1,
          grunt_vaults_hallway_short, nicolae_vaults_tetromino_L_1,
          vaults_room_grunt_arrival_ludios, v_alt_pattern_6,
          ontoclasm_vaults_tryst, nicolae_vaults_alarming,
          nicolae_vaults_little_squares_5, layout_vaults_maze_snakey
Vaults:2: minmay_crypt_entry_skeletal_spiral, v_misc_23,
          hangedman_vaults_stream, nicolae_vaults_disappearing_quadrants,
          nicolae_vaults_yaktaur_gun_rack, v_alt_pattern_1,
          hangedman_vaults_nails, ontoclasm_vaults_fault, vaults_dpeg_hooks,
          grunt_vaults_twisty, nicolae_vaults_surprise_closet,
          layout_vaults_chaotic_city, serial_shops, shop
Vaults:3: nicolae_vaults_diamond_1, vaults_room_boxed,
          nicolae_vaults_shrinking_rooms_1, hangedman_vaults_restitches,
          v_rooms_6, nicolae_vaults_closet_pinwheel_4, layout_vaults_omnicross,
          uniq_jory
Vaults:4: v_misc_10, vaults_standard_mumra_x, hangedman_vaults_stagger,
          layout_vaults_omnigrid, serial_shops, nicolae_shop_statue_plus
Depths:1: layout_honeycomb, serial_shops, nicolae_shop_real_fake_doors,
          pf_hell_entry_tar_spiral, kennysheep_nondescript, skrybe_limestone_x,
          minivault_16, kennysheep_cluttered_room, minmay_st_funbox,
          minmay_misc_feat_four_crosses, onia_ninara_cookie
Depths:2: lemuel_vampire_tower, layout_gridlike, hangedman_geh_valley,
          minmay_misc_feat_tiny, pan_entry, abyss_entry,
          hellmonk_guarded_unrand_seven_league_boots, uniq_norris
Depths:3: kennysheep_scales, layout_basic, enter_ziggurat_f, hellmouth_3,
          abyss_entry, minmay_misc_feat_tower, kennysheep_generic_room_7
Depths:4: grunt_zot_entry_gee_three, layout_gridville, basic_altar, hell_entry,
          lemuel_statue_altar, zin_statuary, uniq_saint_roka
Zot:1:    layout_basic
Zot:2:    layout_gridlike
Zot:3:    layout_basic, gammafunk_ghost_ooze

Notes
Turn   | Place    | Note
-------+----------+-------------------------------------------
     0 | D:1      | Jackthecabe the Mummy Fire Elementalist began the quest for
                  | the Orb.
     0 | D:1      | Reached XP level 1. HP: 13/13 MP: 4/4
    11 | D:1      | Reached skill level 1 in Conjurations
   187 | D:1      | Reached XP level 2. HP: 19/19 MP: 0/5
   410 | D:1      | Learned a level 2 spell: Scorch
   884 | D:1      | Reached skill level 3 in Fire Magic
   917 | D:1      | Found a faded altar of an unknown god.
   960 | D:1      | Gained mutation: You are in touch with the powers of death.
                  | [Mummy growth]
   960 | D:1      | Reached XP level 3. HP: 24/24 MP: 0/7
  1457 | D:2      | Reached skill level 2 in Conjurations
  1729 | D:2      | Found a radiant altar of Vehumet.
  2198 | D:2      | Reached XP level 4. HP: 30/30 MP: 5/8
  2269 | D:2      | Identified the +6 whip of the Toadstool {drain, rC+ MP+9
                  | SInv}
  2979 | D:3      | Found a blossoming altar of Fedhas.
  3960 | D:4      | Reached skill level 3 in Conjurations
  3960 | D:4      | Reached XP level 5. HP: 26/35 MP: 5/9
  4077 | D:4      | Learned a level 4 spell: Flame Wave
  4109 | D:4      | Found a snail-covered altar of Cheibriados.
  4122 | D:4      | Reached skill level 4 in Fire Magic
  4285 | D:4      | Found a burning altar of Makhleb.
  4287 | D:4      | Noticed a blizzard demon
  4757 | D:4      | Noticed an ogre
  4762 | D:4      | Killed an ogre
  4763 | D:4      | Reached XP level 6. HP: 41/41 MP: 10/10
  4910 | D:4      | Found an ornate altar of the Wu Jian Council.
  5000 | D:4      | Found an iron altar of Okawaru.
  5021 | D:4      | Noticed an orc warrior
  5040 | D:4      | Killed an orc warrior
  5041 | D:4      | Reached skill level 4 in Conjurations
  5323 | D:5      | Entered Level 5 of the Dungeon
  5365 | D:5      | Reached skill level 5 in Fire Magic
  5365 | D:5      | Reached XP level 7. HP: 44/46 MP: 2/11
  5559 | D:5      | Found Viti's Distillery.
  5560 | D:5      | Found a staircase to the Ecumenical Temple.
  5576 | Temple   | Entered the Ecumenical Temple
  5877 | D:5      | Reached skill level 5 in Conjurations
  6153 | D:5      | Noticed a wyvern
  6164 | D:5      | Noticed Prince Ribbit
  6186 | D:5      | Killed a wyvern
  6187 | D:5      | Reached skill level 6 in Fire Magic
  6187 | D:5      | Reached XP level 8. HP: 17/52 MP: 2/12
  6647 | D:6      | Found a sparkling altar of Nemelex Xobeh.
  6761 | D:5      | Reached skill level 6 in Conjurations
  6761 | D:5      | Reached skill level 3 in Spellcasting
  6761 | D:5      | Reached skill level 1 in Fighting
  6860 | D:6      | Reached skill level 2 in Fighting
  6988 | D:6      | Reached skill level 3 in Fighting
  7123 | D:6      | Reached skill level 4 in Fighting
  7164 | D:6      | Found a broken altar of Ashenzari.
  7167 | D:6      | Became a worshipper of Ashenzari the Shackled
  7520 | D:6      | Found Faobas's Distillery.
  7536 | D:6      | Reached XP level 9. HP: 54/65 MP: 7/13
  7975 | D:7      | Reached skill level 7 in Conjurations
  7975 | D:7      | Reached skill level 7 in Fire Magic
  8118 | D:7      | Noticed Menkaure
  8122 | D:7      | Killed Menkaure
  8488 | D:7      | Identified the ring "Sotuv" {*Corrode rC+ rN++ AC+4 Stlth+}
  8743 | D:7      | Noticed Dowan
  8781 | D:7      | Noticed Duvessa
  8789 | D:7      | Killed Duvessa
  8956 | D:7      | Killed Dowan
  8957 | D:7      | Reached skill level 8 in Conjurations
  8957 | D:7      | Reached skill level 8 in Fire Magic
  9056 | D:7      | Found a bloodstained altar of Trog.
  9057 | D:7      | Noticed a wizard
  9062 | D:7      | Killed a wizard
  9130 | D:7      | Reached skill level 1 in Maces & Flails
  9174 | D:7      | Reached skill level 2 in Maces & Flails
  9295 | D:7      | Found Coakk's Jewellery Shoppe.
  9383 | D:8      | Identified the +6 war axe "Famp" {heavy, Int+5}
  9551 | D:8      | Reached skill level 3 in Maces & Flails
  9662 | D:8      | Reached XP level 10. HP: 71/71 MP: 14/14
  9824 | D:8      | Reached skill level 4 in Maces & Flails
  9905 | D:7      | Reached skill level 4 in Spellcasting
  9911 | D:7      | Learned a level 5 spell: Irradiate
 10213 | D:8      | Reached skill level 1 in Evocations
 10336 | D:8      | Found a staircase to the Lair.
 10367 | D:8      | Reached * piety under Ashenzari
 10406 | D:8      | Reached skill level 1 in Transmutations
 10538 | D:8      | Identified a +0 robe of resistance
 10538 | D:8      | Noticed Erica
 10763 | D:8      | Noticed a two-headed ogre
 10777 | D:8      | Killed a two-headed ogre
 10778 | D:8      | Reached skill level 3 in Transmutations
 11527 | D:9      | Found a hide-covered altar of Uskayaw.
 11547 | D:9      | Reached skill level 4 in Transmutations
 11928 | D:9      | Found a runed translucent gate.
 11984 | D:9      | Found a runed translucent gate.
 11984 | D:9      | Noticed an 11-headed hydra
 11984 | D:9      | Noticed a ten-headed hydra
 11986 | D:9      | Found a runed translucent gate.
 11986 | D:9      | Noticed Newt's ghost (novice DsGl)
 11986 | D:9      | Identified the +8 lajatang of Peace {protect, rN+}
 12009 | D:9      | Reached skill level 5 in Transmutations
 12297 | D:9      | Found a staircase to the Orcish Mines.
 12333 | D:9      | Reached ** piety under Ashenzari
 12735 | D:9      | Reached skill level 6 in Transmutations
 13042 | D:10     | Entered Level 10 of the Dungeon
 13297 | D:10     | Noticed an obsidian statue
 13297 | D:10     | Noticed an ice statue
 13351 | D:10     | Found a shadowy altar of Dithmenos.
 13643 | D:10     | Reached XP level 11. HP: 81/81 MP: 13/20
 13731 | D:10     | Noticed a two-headed ogre
 13738 | D:10     | Killed a two-headed ogre
 14415 | D:11     | Reached *** piety under Ashenzari
 14771 | D:11     | Noticed a three-headed hydra
 15293 | D:11     | Reached skill level 1 in Armour
 15296 | D:11     | Reached **** piety under Ashenzari
 15381 | D:11     | Reached skill level 2 in Armour
 15458 | D:11     | Killed a three-headed hydra
 15459 | D:11     | Reached skill level 3 in Armour
 15588 | D:11     | Reached skill level 4 in Armour
 15975 | Lair:1   | Entered Level 1 of the Lair of Beasts
 16083 | Lair:1   | Reached skill level 5 in Armour
 16182 | Lair:1   | Reached skill level 6 in Armour
 16511 | Lair:1   | Reached XP level 12. HP: 73/94 MP: 6/23
 16560 | Lair:1   | Reached skill level 7 in Armour
 16721 | Lair:1   | Reached skill level 5 in Fighting
 17104 | Lair:1   | Reached skill level 2 in Evocations
 17358 | Lair:1   | Reached skill level 6 in Fighting
 17646 | Lair:1   | Reached skill level 7 in Fighting
 17729 | Lair:1   | Found a runed translucent door.
 17732 | Lair:1   | Noticed MrSquiggles's ghost (journeyman OpFi)
 17733 | Lair:1   | Identified a scroll of acquirement
 17904 | Lair:1   | Identified the +6 spear "Koecked" {freeze, rPois rN+++
                  | Str+5 Int-5}
 17977 | Lair:2   | Noticed a six-headed hydra
 18274 | Lair:2   | Reached skill level 2 in Dodging
 18350 | Lair:2   | Noticed a death yak
 18486 | Lair:2   | Reached skill level 3 in Dodging
 18657 | Lair:2   | Reached skill level 4 in Dodging
 18697 | Lair:2   | Found a staircase to the Snake Pit.
 18998 | Lair:2   | Reached skill level 5 in Dodging
 19373 | Lair:2   | Reached skill level 6 in Dodging
 19477 | Lair:2   | Killed a six-headed hydra
 19823 | Lair:2   | Noticed a death yak
 19849 | Lair:2   | Killed a death yak
 19850 | Lair:2   | Gained mutation: You are strongly in touch with the powers
                  | of death. [Mummy growth]
 19850 | Lair:2   | Reached XP level 13. HP: 108/108 MP: 20/25
 19947 | Lair:1   | Reached skill level 7 in Dodging
 20291 | Lair:2   | Reached skill level 8 in Fighting
 20488 | Lair:2   | Found a staircase to the Swamp.
 20925 | Lair:2   | Reached skill level 9 in Fighting
 21518 | Lair:3   | Reached skill level 10 in Fighting
 21585 | Lair:3   | Noticed Nergalle
 21591 | Lair:3   | Killed Nergalle
 22041 | Lair:3   | Reached skill level 11 in Fighting
 22713 | Lair:3   | Paralysed by a floating eye for 4 turns
 23499 | Lair:4   | Found a frozen archway.
 23598 | IceCv    | Entered an ice cave
 23687 | IceCv    | Reached skill level 3 in Evocations
 24289 | IceCv    | Reached skill level 4 in Evocations
 25062 | IceCv    | Reached skill level 5 in Spellcasting
 25085 | IceCv    | Identified a +3 leather armour of resistance
 25091 | IceCv    | Identified the +1 giant spiked club "Spiderbane" {flame,
                  | Fly Dex-3 Stlth+}
 25464 | Lair:4   | Reached skill level 6 in Spellcasting
 25868 | Lair:4   | Found a staircase to the Slime Pits.
 25868 | Lair:4   | Found a viscous altar of Jiyva.
 25879 | Lair:4   | Reached skill level 12 in Fighting
 25879 | Lair:4   | Reached XP level 14. HP: 123/123 MP: 19/28
 26625 | Lair:4   | Reached skill level 9 in Conjurations
 27117 | Lair:5   | Entered Level 5 of the Lair of Beasts
 27502 | Lair:5   | Identified the +10 glaive "Vimneozile" {venom, Int+3}
 29591 | Lair:5   | Reached skill level 8 in Armour
 29640 | Lair:5   | Found a large runed translucent door.
 29641 | Lair:5   | Found a large runed translucent door.
 30134 | Orc:1    | Entered Level 1 of the Orcish Mines
 30574 | Orc:1    | HP: 10/125 [orc priest/divine providence[an orc high
                  | priest] (10)]
 30992 | Orc:1    | Found Qorihil's Antique Armour Boutique.
 31040 | Orc:1    | Bought an embroidered cloak for 217 gold pieces
 31132 | Orc:2    | Entered Level 2 of the Orcish Mines
 31133 | Orc:2    | Noticed Donald
 31753 | Orc:1    | Reached skill level 9 in Armour
 32097 | Orc:2    | Killed Donald
 32564 | Orc:2    | Reached skill level 10 in Armour
 32847 | Orc:2    | Noticed a stone giant
 32864 | Orc:2    | Killed a stone giant
 33116 | Orc:2    | Found Monatyo's General Store.
 33183 | Orc:2    | Found Hadowun's General Store.
 33185 | Orc:2    | Found Guakeid's Assorted Antiques.
 33198 | Orc:2    | Found Lejimuon's Magic Scroll Boutique.
 33214 | Orc:2    | Found a staircase to the Elven Halls.
 33262 | Orc:2    | Reached XP level 15. HP: 97/131 MP: 23/29
 33744 | Orc:2    | Bought a transparent robe for 159 gold pieces
 33744 | Orc:2    | Identified the +2 robe of the Endless Expanse {Regen+ Str+9
                  | Int-2} (You bought it in a shop on level 2 of the Orcish
                  | Mines)
 33753 | Orc:2    | Bought a book of Vapours for 390 gold pieces
 33753 | Orc:2    | Bought a wand of light (6) for 378 gold pieces
 33761 | Orc:2    | Learned a level 5 spell: Freezing Cloud
 33770 | Orc:2    | Bought a scroll labelled SUIPOIKK BU WUDGH for 28 gold
                  | pieces
 33825 | Orc:1    | Bought a shiny kite shield for 217 gold pieces
 34078 | D:12     | Reached skill level 1 in Ice Magic
 34238 | D:12     | Reached skill level 1 in Air Magic
 34442 | D:12     | Reached skill level 2 in Ice Magic
 34744 | D:12     | Reached skill level 3 in Ice Magic
 34744 | D:12     | Reached skill level 2 in Air Magic
 35849 | D:13     | Reached skill level 4 in Ice Magic
 36089 | D:13     | Identified a potion of resistance
 36093 | D:13     | Reached skill level 3 in Air Magic
 36640 | D:13     | Reached skill level 4 in Air Magic
 36994 | D:14     | Noticed Azrael
 37050 | D:14     | Killed Azrael
 37051 | D:14     | Reached skill level 5 in Ice Magic
 37234 | D:13     | Reached skill level 5 in Air Magic
 37568 | D:13     | Reached skill level 6 in Ice Magic
 37911 | D:14     | Found a gate to the Vaults.
 38001 | D:14     | Reached skill level 6 in Air Magic
 38508 | D:14     | Reached skill level 7 in Spellcasting
 38864 | D:14     | Learned a level 5 spell: Fireball
 38872 | D:14     | Learned a level 7 spell: Orb of Destruction
 38930 | D:14     | Reached skill level 9 in Fire Magic
 39561 | D:15     | Entered Level 15 of the Dungeon
 39945 | D:15     | Reached skill level 1 in Shields
 40225 | D:15     | Reached skill level 10 in Conjurations
 40556 | D:15     | Reached skill level 2 in Shields
 41632 | D:15     | Found a staircase to the Depths.
 41927 | Snake:1  | Entered Level 1 of the Snake Pit
 41933 | Snake:1  | Reached XP level 16. HP: 141/141 MP: 19/32
 41990 | Snake:1  | Reached skill level 3 in Shields
 42947 | Snake:1  | Noticed Agnes
 42951 | Snake:1  | Killed Agnes
 43274 | Snake:1  | Reached skill level 4 in Shields
 44224 | Snake:2  | Found Eoawip's Eclectic Emporium.
 44570 | Snake:2  | Reached skill level 11 in Conjurations
 44653 | Snake:2  | Reached skill level 5 in Shields
 45953 | Snake:2  | Reached skill level 6 in Shields
 47309 | Snake:3  | Reached skill level 7 in Shields
 48337 | Snake:3  | Found a shimmering blue altar of Sif Muna.
 48341 | Snake:3  | Found a transporter.
 48345 | Snake:3  | Noticed Louise
 48365 | Snake:3  | Reached skill level 10 in Fire Magic
 48778 | Snake:3  | Identified a scarf of resistance
 48913 | Snake:3  | Reached XP level 17. HP: 148/148 MP: 27/33
 49252 | Snake:3  | Reached skill level 11 in Fire Magic
 49454 | Snake:4  | Entered Level 4 of the Snake Pit
 50446 | Snake:4  | Reached skill level 12 in Fire Magic
 52922 | Snake:4  | Reached skill level 12 in Conjurations
 52931 | Snake:4  | Identified a +1 robe of resistance
 53237 | Snake:4  | Reached skill level 13 in Fire Magic
 54124 | Snake:4  | Got a serpentine rune of Zot
 54339 | Swamp:1  | Entered Level 1 of the Swamp
 55742 | Swamp:2  | Noticed Aizul
 55755 | Swamp:1  | Killed Aizul
 56322 | Swamp:2  | Reached XP level 18. HP: 155/155 MP: 19/34
 57590 | Swamp:3  | Reached skill level 13 in Conjurations
 57974 | Swamp:3  | Noticed Nikola
 58023 | Swamp:3  | Reached ***** piety under Ashenzari
 58137 | Swamp:3  | Reached skill level 14 in Fire Magic
 58586 | Swamp:3  | Killed Nikola
 58884 | Swamp:4  | Entered Level 4 of the Swamp
 59945 | Swamp:4  | Reached skill level 15 in Fire Magic
 61183 | Swamp:4  | Got a decaying rune of Zot
 62524 | Vaults:1 | Entered Level 1 of the Vaults
 63165 | Vaults:1 | Found a transporter.
 63175 | Vaults:1 | Noticed Joll's ghost (adept FoRe)
 63250 | Vaults:1 | Found a transporter.
 63390 | Vaults:1 | Reached skill level 16 in Fire Magic
 63633 | Vaults:1 | Found a one-way gate to the infinite horrors of the Abyss.
 65349 | Vaults:1 | Reached XP level 19. HP: 163/163 MP: 20/35
 66200 | Vaults:2 | Reached skill level 17 in Fire Magic
 66307 | Vaults:2 | Identified the +0 chain mail of Xot Hir {rPois}
 66327 | Vaults:2 | Found the +8 demon trident "Rift" {distort, reach+}
 67486 | Vaults:2 | HP: 14/163 [orc warlord/+0 great sword (35)]
 69716 | Vaults:2 | Found Quhialle's Antique Armour Emporium.
 69724 | Vaults:2 | Reached skill level 18 in Fire Magic
 69857 | Vaults:2 | Bought a pair of runed boots for 247 gold pieces
 69858 | Vaults:2 | Bought a pair of glowing gloves for 247 gold pieces
 71877 | Vaults:2 | Reached skill level 8 in Dodging
 72509 | Vaults:2 | Found a staircase to the Crypt.
 73956 | Vaults:3 | Reached skill level 9 in Dodging
 75044 | Vaults:3 | Reached skill level 10 in Dodging
 76090 | Vaults:3 | Reached XP level 20. HP: 124/166 MP: 5/35
 76872 | Vaults:3 | Reached skill level 11 in Dodging
 78085 | Vaults:3 | Noticed Jory
 78096 | Vaults:3 | Killed Jory
 81586 | Vaults:4 | Found Soumuw's Armour Emporium.
 83115 | D:5      | Killed Prince Ribbit
 83309 | D:5      | Found Viti's Distillery.
 83313 | D:5      | Found a staircase to the Ecumenical Temple.
 83591 | D:8      | Killed Erica
 83804 | D:8      | Killed Newt's ghost
 85041 | Lair:1   | Killed MrSquiggles's ghost
 85124 | Lair:1   | Acquired the +2 helmet of Diosiyst {+Inv rElec Int+5}
 85409 | Depths:1 | Entered Level 1 of the Depths
 85851 | Depths:1 | Found a runed translucent door.
 85851 | Depths:1 | Identified the Guidebook on Contaminated Distance
 85853 | Depths:1 | Identified the +8 long sword of Action {venom, Dex+5}
 85853 | Depths:1 | Identified the +7 shortbow of Destiny {freeze, rElec Will++
                  | Str-4}
 86189 | Depths:1 | Found Qiaz's Weapon Shoppe.
 86213 | Depths:1 | Found a gateway to Hell.
 88097 | Depths:1 | Identified the +10 great sword of Baleful Expedience
                  | {freeze, +Blink rCorr}
 88300 | Depths:1 | Reached skill level 14 in Conjurations
 88444 | Depths:1 | Reached skill level 19 in Fire Magic
 90604 | Depths:1 | Reached XP level 21. HP: 161/170 MP: 24/35
 94251 | Depths:2 | Reached skill level 15 in Conjurations
 94471 | Depths:2 | Noticed Norris
 95728 | Depths:2 | Identified the +3 halberd of Noon {heavy, Int+3}
 95728 | Depths:2 | Identified the +0 shadow dragon scales of Coucivau {Rampage
                  | Stlth++++}
 96334 | Depths:2 | Acquired 1094 gold pieces
 96582 | Depths:2 | Identified the +8 whip of Bodily Humours {spect, rC+ Str+3}
 97447 | Depths:1 | Glimpsed the power of Zot.
 97458 | Depths:1 | Reached skill level 20 in Fire Magic
 98678 | Depths:2 | Killed Norris
 98812 | Depths:2 | Found an ancient bone altar of Kikubaaqudgha.
 98812 | Depths:2 | Identified the +8 tower shield "Zauddyic" {rPois Str-5
                  | Int+9 Dex-2}
 98954 | Depths:2 | Found a one-way gate leading to the halls of Pandemonium.
 99164 | Depths:2 | Found the +3 pair of seven-league boots {Rampage+∞}
 99416 | Depths:3 | You are cast into the Abyss!
 99416 | Abyss:2  | Cast into level 2 of the Abyss (a wizard)
 99657 | Abyss:2  | Reached skill level 2 in Stealth
 99827 | Abyss:3  | Found a corrupted altar of Lugonu.
 99837 | Abyss:3  | Paralysed by accursed screaming for 1 turns
 99847 | Abyss:3  | Paralysed by accursed screaming for 1 turns
 99848 | Abyss:3  | HP: 13/170 [starcursed mass/accursed screaming (14)]
100109 | Abyss:4  | Found a corrupted altar of Lugonu.
100170 | Abyss:4  | Got an abyssal rune of Zot
100172 | Abyss:4  | Reached skill level 3 in Stealth
100263 | Depths:3 | You pass through the gate.
100263 | Depths:3 | Escaped the Abyss
100537 | Depths:2 | Reached skill level 16 in Conjurations
101059 | Depths:3 | Reached skill level 4 in Stealth
101059 | Depths:3 | Reached XP level 22. HP: 177/177 MP: 25/36
103471 | Depths:3 | Found a one-way gateway to a ziggurat.
104201 | Depths:4 | Entered Level 4 of the Depths
104201 | Depths:4 | Found a shimmering altar of Xom.
104606 | Depths:4 | Reached skill level 21 in Fire Magic
105185 | Depths:4 | Found a shimmering blue altar of Sif Muna.
106497 | Depths:4 | Noticed Saint Roka
106644 | Depths:4 | Killed Saint Roka
107529 | Depths:4 | Found a gate to the Realm of Zot.
107947 | Elf:1    | Entered Level 1 of the Elven Halls
108825 | Elf:1    | Reached skill level 22 in Fire Magic
109058 | Elf:1    | Found Onuask's Assorted Antiques.
109294 | Elf:1    | Noticed Frances
109513 | Elf:1    | Killed Frances
109975 | Elf:2    | Noticed Asterion
110180 | Elf:2    | Killed Asterion
110485 | Elf:2    | Found a runed translucent gate.
110485 | Elf:2    | Found a runed translucent gate.
110485 | Elf:2    | Found a runed translucent gate.
110604 | Elf:2    | Paralysed by an air elemental for 1 turns
110881 | Elf:3    | Entered Level 3 of the Elven Halls
111144 | Elf:3    | Reached XP level 23. HP: 163/183 MP: 26/37
111517 | Elf:3    | Found Coakk's Jewellery Shoppe.
111522 | Elf:3    | Bought an amulet of regeneration for 360 gold pieces
111755 | Elf:3    | Found Uwonaq's Book Emporium.
111756 | Elf:3    | Found Wecke's Jewellery Shop.
111757 | Elf:3    | Found Jitosi's Book Emporium.
112014 | Elf:3    | Identified the +8 executioner's axe "Killer Bee's Bane"
                  | {flame, Fly rPois Stlth+}
112021 | Elf:3    | Identified the +3 rapier of Shame {protect, rPois Will-
                  | Int+2}
112022 | Elf:3    | Identified the +10 quarterstaff "Veghog" {drain, *Rage
                  | rElec Int+5 Dex+2}
112026 | Elf:3    | Identified the ring of Kukawn {rCorr Dex+2}
112027 | Elf:3    | Reached skill level 1 in Summonings
112730 | Elf:2    | Reached skill level 2 in Summonings
112930 | Elf:3    | Identified the +0 plate armour of Birdsong {rF+ rC++
                  | Slay-4}
113189 | Elf:3    | Reached skill level 3 in Summonings
113194 | Elf:3    | Reached skill level 23 in Fire Magic
113498 | Elf:3    | Identified the staff "Xeadoi" {rPois rC+ Stlth+ Poison}
113501 | Elf:3    | Identified the staff of the Snake Pit {Str+3 Int+2 Earth}
113532 | Elf:3    | Identified Wanir's Meditations on Supportive Shapes
113532 | Elf:3    | Identified the +1 scale mail of Poor Excuses {*Corrode
                  | rPois rN+ Str+4}
113588 | Elf:3    | Learned a level 7 spell: Spellforged Servitor
113984 | Zot:1    | Entered Level 1 of the Realm of Zot
115548 | Zot:1    | Reached skill level 4 in Summonings
117970 | Zot:2    | Noticed an electric golem
117997 | Zot:2    | Killed an electric golem
117998 | Zot:2    | Reached skill level 5 in Summonings
119256 | Zot:2    | Identified the +3 ring mail of the Lychee {rPois Dex+3}
120659 | Zot:3    | Identified the +0 pair of boots of Wariness {rC+ Str+3
                  | Int+3 Dex+2}
120659 | Zot:3    | Found a viscous altar of Jiyva.
120909 | Zot:3    | Reached skill level 24 in Fire Magic
120918 | Zot:3    | HP: 16/190 [green draconian/+0 trident (8)]
120920 | Zot:2    | HP: 7/190 [green draconian monk (14)]
120920 | Zot:2    | Slain by a death cob

Vanquished Creatures
  Saint Roka (Depths:4)
  3 golden dragons
  2 bone dragons (Depths:4)
  Nikola (Swamp:3)
  An electric golem (Zot:2)
  A walking crystal tome (Depths:2)
  9 tentacled monstrosities
  A lich (Depths:2)
  Asterion (Elf:2)
  2 deep elf master archers (Elf:3)
  7 quicksilver dragons
  3 sphinxes
  2 deep elf blademasters (Elf:3)
  Frances (Elf:1)
  An Executioner (Vaults:1)
  6 shadow dragons
  Agnes (Snake:1)
  4 storm dragons
  A tentacled starspawn (Abyss:2)
  Aizul (Swamp:1)
  A tengu reaver (Depths:2)
  Donald (Orc:2)
  A revenant (Depths:2)
  6 nagarajas (Snake:4)
  4 draconian knights
  4 draconian monks
  A fenstrider witch (Swamp:4)
  7 deep elf sorcerers
  7 fire giants
  A draconian scorcher (Zot:1)
  7 frost giants
  15 vault wardens
  6 deep elf elementalists
  2 spectral caustic shrikes (Depths:2)
  A quicksilver ooze (shapeshifter) (D:13)
  13 ironbound preservers
  4 draconian annihilators
  2 draconian shifters (Zot:2)
  2 spectral juggernauts (Depths:2)
  3 formless jellyfish
  9 stone giants
  3 orc warlords
  3 spriggan defenders
  16 very ugly things
  2 ironbound thunderhulks
  A war gargoyle (Vaults:4)
  6 vampire knights
  3 eleionomae
  7 deep elf demonologists
  4 black draconians
  A lorocyproca (Abyss:2)
  4 deep elf annihilators (Elf:3)
  2 green draconians (Depths:4)
  4 spark wasps (Depths:1)
  7 dire elephants
  5 bunyips
  4 yellow draconians
  Azrael (D:14)
  A bunyip (shapeshifter) (Elf:3)
  5 purple draconians
  3 red draconians
  7 deep elf death magi
  2 white draconians
  3 deep elf high priests (Elf:3)
  7 fire dragons
  3 crystal guardians
  14 ettins
  3 jiangshi (Depths:2)
  5 yaktaur captains
  5 great orbs of eyes
  A shambling mangrove (Swamp:3)
  22 hydras
  6 salamander tyrants
  12 vault guards
  A caustic shrike simulacrum (Depths:2)
  7 ice dragons
  A catoblepas (Lair:3)
  7 rakshasas
  2 ogre magi (Orc:2)
  9 spriggan air magi
  3 ghost crabs
  2 juggernaut simulacra (Depths:2)
  4 hell beasts
  3 peacekeepers
  12 alligators
  A death knight (D:15)
  12 centaur warriors
  10 ironbound frosthearts
  15 anacondas
  A spectral frost giant (Depths:2)
  6 boulder beetles
  6 death yaks
  7 deep troll shamans
  The ghost of MrSquiggles the Unseen, a journeyman OpFi of Ru (Lair:1)
  13 two-headed ogres
  12 dancing weapons
  Erica (D:8)
  15 naga warriors
  4 vampire magi (Depths:2)
  A sphinx skeleton (Vaults:2)
  The ghost of Newt the Cleaver, a novice DsGl of Gozag (D:8)
  2 tengu warriors (Depths:1)
  A spectral storm dragon (Depths:2)
  A demonic crawler (Depths:2)
  8 deep troll earth magi
  4 hell hogs (Depths:3)
  5 thrashing horrors
  16 naga sharpshooters
  An orc high priest (Orc:1)
  7 spriggan berserkers
  A fire crab (Lair:5)
  17 deep elf knights
  7 hell knights
  7 shock serpents
  10 skeletal warriors
  A titan skeleton (Depths:2)
  4 soul eaters (Depths:2)
  A spectral spriggan (Depths:2)
  2 sun demons
  6 skysharks
  4 shadow wraiths
  8 iron trolls
  A spectral spark wasp (Depths:2)
  Nergalle (Lair:3)
  A death drake (Abyss:2)
  2 glowing orange brains
  7 salamander mystics
  6 sea snakes
  3 goliath frogs
  53 deep trolls
  4 flayed ghosts
  2 spectral hydras (Lair:2)
  5 spriggan druids
  6 lindwurms
  16 swamp dragons
  5 ironbound convokers
  2 golden dragon skeletons (Depths:1)
  An orange crystal statue (Depths:1)
  8 deep elf archers
  An obsidian statue (D:10)
  4 naga ritualists
  14 bog bodies
  21 deep elf pyromancers
  6 wizards
  10 mana vipers
  5 necromancers
  11 orc knights
  2 orc sorcerers
  7 phantasmal warriors
  12 deep elf zephyrmancers
  5 manticores
  4 will-o-the-wisps
  3 oklob plants (Lair:3)
  2 tengu skeletons
  41 ugly things
  4 cyclopes
  28 salamanders
  A worldbinder (Abyss:3)
  3 large abominations
  A fire giant skeleton (Depths:2)
  15 moths of wrath
  A guardian serpent (shapeshifter) (Abyss:4)
  An apocalypse crab (Abyss:3)
  2 ice statues
  2 stone giant skeletons
  39 black mambas
  10 guardian serpents
  7 vault sentinels
  9 elephants
  A gargoyle (D:12)
  14 naga magi
  4 smoke demons
  2 molten gargoyles
  An elf skeleton (Vaults:2)
  7 kobold demonologists
  A rime drake (Lair:4)
  8 unseen horrors
  A hellion (Vaults:1)
  13 cane toads
  2 efreet
  A tengu conjurer (Depths:1)
  2 anaconda simulacra (IceCv)
  7 freezing wraiths
  4 golden dragon simulacra (Depths:2)
  12 komodo dragons
  42 yaktaurs
  2 ancient zymes
  2 polar bears
  16 trolls
  5 tyrant leeches
  A bloated husk (Swamp:2)
  A hornet (shapeshifter) (D:13)
  2 raiju (Abyss:2)
  11 hornets
  A tengu simulacrum (Depths:2)
  2 dream sheep (D:11)
  Prince Ribbit (D:5)
  16 blink frogs
  A dream sheep (shapeshifter) (Abyss:4)
  3 flying skulls
  2 small abominations (Abyss:2)
  12 spriggans
  38 slime creatures
  4 air elementals
  A shadow (D:10)
  2 water elementals (Elf:2)
  2 vampires
  7 wraiths
  A ynoxinul (Abyss:2)
  A spriggan skeleton (Depths:1)
  6 fire elementals
  9 wyverns
  7 basilisks
  52 yaks
  4 humans
  3 steam dragons (Lair:5)
  9 vampire mosquitoes
  A golden eye (shapeshifter) (Depths:4)
  2 death yak simulacra (IceCv)
  A neqoxec (Abyss:2)
  Menkaure (D:7)
  2 wargs (D:7)
  42 nagas
  14 swamp worms
  A hydra simulacrum (IceCv)
  2 acid dragons
  An acid dragon (shapeshifter) (Abyss:2)
  A harpy simulacrum (IceCv)
  2 floating eyes
  4 hell hounds
  19 water moccasins
  Duvessa (D:7)
  25 orc warriors
  11 swamp drakes
  4 ice beasts
  A swamp drake (shapeshifter) (D:15)
  A black bear (Lair:1)
  25 ogres
  19 wolves
  A wolf (shapeshifter) (Elf:3)
  16 boggarts
  7 centaurs
  A phantom (D:7)
  11 kobold brigands
  2 gnoll sergeants (D:8)
  7 human skeletons (Vaults:2)
  13 bullfrogs
  3 earth elementals
  5 two-headed ogre simulacra (IceCv)
  2 scorpions
  2 cane toad simulacra
  10 wights
  3 elephant simulacra (IceCv)
  Dowan (D:7)
  20 killer bees
  2 electric eels
  8 howler monkeys
  5 lava snakes (Lair:5)
  3 hounds
  15 orc priests
  A starcursed mass (Abyss:3)
  9 jellies
  A sleepcap (D:7)
  3 iguanas
  32 orc wizards
  6 polar bear simulacra
  3 spriggan simulacra (IceCv)
  4 troll simulacra (IceCv)
  A wolf simulacrum (IceCv)
  A mummy (D:4)
  9 gnolls (D:8)
  5 adders
  8 naga simulacra (IceCv)
  10 white imps
  9 ufetubi
  2 worms (D:2)
  5 dart slugs
  98 orcs
  10 endoplasms
  5 giant cockroaches
  9 goblins
  14 hobgoblins
  6 jackals
  A quokka (D:2)
  7 ball pythons
  5 bats
  3 frilled lizards (D:1)
  24 kobolds
  9 rats
  A starspawn tentacle (Abyss:2)
1946 creatures vanquished.

Vanquished Creatures (collateral kills)
  Norris (Depths:2)
  A golden dragon (Zot:3)
  Jory (Vaults:3)
  A quicksilver dragon (Zot:2)
  A storm dragon (Zot:3)
  A shadow dragon (Zot:2)
  A draconian shifter (Zot:2)
  A draconian stormcaller (Zot:2)
  A draconian annihilator (Zot:2)
  A white draconian (Zot:3)
  A red draconian (Zot:2)
  A yellow draconian (Zot:2)
  22 foxfires
34 creatures vanquished.

Vanquished Creatures (others)
  A goliath frog (Swamp:1)
  A spriggan druid (Swamp:2)
  A wizard (D:7)
  A hornet (Swamp:2)
  2 bloated husks
  A spriggan (Swamp:2)
  A human (D:14)
  3171 foxfires
  2 lurking horrors (Abyss:4)
  8 starspawn tentacles (Abyss:2)
3189 creatures vanquished.

Grand Total: 5169 creatures vanquished

Table legend: (Time is in decaauts)
 A = Elapsed time spent in this place.
 B = Non-inter-level travel time spent in this place.
 C = Inter-level travel time spent in this place.
 D = Time resting spent in this place.
 E = Time spent auto-exploring this place.
 F = Levels seen in this place.
 G = Mean time per level.
                   A        B        C        D        E       F      G
               +--------+--------+--------+--------+--------+-----+--------+
         Total | 121742 | 116028 |   5714 |  46886 |  52276 |  49 | 2484.5 |
       Dungeon |  29345 |  26455 |   2890 |   7741 |  15327 |  15 | 1956.3 |
        Temple |      1 |      1 |      0 |      0 |      0 |   1 |    1.0 |
          Lair |  14018 |  13287 |    731 |   3870 |   7351 |   5 | 2803.6 |
         Swamp |   7935 |   7829 |    106 |   3124 |   3714 |   4 | 1983.8 |
     Snake Pit |  11699 |  11453 |    246 |   5288 |   4466 |   4 | 2924.8 |
  Orcish Mines |   3877 |   3660 |    217 |   1343 |   1637 |   2 | 1938.5 |
   Elven Halls |   5264 |   5185 |     79 |   1790 |   2652 |   3 | 1754.7 |
        Vaults |  19642 |  19186 |    456 |   8736 |   7668 |   4 | 4910.5 |
        Depths |  20801 |  20048 |    753 |  11603 |   5925 |   4 | 5200.2 |
           Zot |   6746 |   6514 |    232 |   2679 |   2607 |   3 | 2248.7 |
         Abyss |    874 |    874 |      0 |    423 |      0 |   3 |  291.3 |
      Ice Cave |   1537 |   1537 |      0 |    288 |    926 |   1 | 1537.0 |
               +--------+--------+--------+--------+--------+-----+--------+

Top non-repeatable levels by time:
Depths:1: 8472 daAuts
Vaults:2: 7885 daAuts
Depths:2: 6300 daAuts
Vaults:1: 4620 daAuts
Vaults:3: 4396 daAuts
Depths:3: 3954 daAuts
   Zot:1: 3806 daAuts
  Lair:2: 3502 daAuts
 Snake:3: 3282 daAuts
  Lair:1: 3200 daAuts
 Snake:1: 2841 daAuts
 Snake:2: 2826 daAuts
 Swamp:3: 2825 daAuts
 Snake:4: 2749 daAuts
Vaults:4: 2739 daAuts

Table legend:
 A = Non-vault XP
 B = Vault XP
 C = Vault XP percentage of total XP
 D = Non-vault monster count
 E = Vault monster count
 F = Vault count percentage of total count
                 A         B        C        D         E       F
            +---------+---------+-------+---------+---------+-------
      Total |  580129 |  397756 |  40.7 |    1282 |     679 |  34.6
            +---------+---------+-------+---------+---------+-------
        D:1 |      51 |       2 |   3.8 |      28 |       2 |   6.7
        D:2 |      43 |      19 |  30.6 |      16 |       8 |  33.3
        D:3 |      39 |       0 |   0.0 |      16 |       0 |   0.0
        D:4 |     356 |     205 |  36.5 |      22 |      11 |  33.3
        D:5 |    1068 |     259 |  19.5 |      26 |       1 |   3.7
        D:6 |    1345 |     118 |   8.1 |      21 |       2 |   8.7
        D:7 |    1467 |     781 |  34.7 |      33 |       7 |  17.5
        D:8 |    2518 |    1836 |  42.2 |      35 |       7 |  16.7
        D:9 |    1557 |    2180 |  58.3 |      22 |      26 |  54.2
       D:10 |    2198 |    1116 |  33.7 |      15 |       2 |  11.8
       D:11 |    3734 |    1688 |  31.1 |      20 |       6 |  23.1
       D:12 |    9227 |       0 |   0.0 |      27 |       0 |   0.0
       D:13 |    5212 |    5298 |  50.4 |      12 |       9 |  42.9
       D:14 |    6701 |   11102 |  62.4 |      15 |      24 |  61.5
       D:15 |    7673 |    4675 |  37.9 |      23 |       9 |  28.1
     Lair:1 |   13510 |    2141 |  13.7 |      48 |       6 |  11.1
     Lair:2 |   10774 |    3444 |  24.2 |      39 |       7 |  15.2
     Lair:3 |    7205 |    1962 |  21.4 |      26 |       4 |  13.3
     Lair:4 |    9161 |    2787 |  23.3 |      34 |      12 |  26.1
     Lair:5 |    3920 |    6246 |  61.4 |      15 |      26 |  63.4
    Swamp:1 |    8677 |    1359 |  13.5 |      22 |       1 |   4.3
    Swamp:2 |    8662 |       0 |   0.0 |      20 |       0 |   0.0
    Swamp:3 |   12973 |    8184 |  38.7 |      22 |      12 |  35.3
    Swamp:4 |   14025 |   19772 |  58.5 |      23 |      32 |  58.2
    Snake:1 |   10609 |    1449 |  12.0 |      24 |       1 |   4.0
    Snake:2 |   16410 |   12591 |  43.4 |      31 |      20 |  39.2
    Snake:3 |   29880 |    1198 |   3.9 |      58 |       2 |   3.3
    Snake:4 |   22637 |   23732 |  51.2 |      41 |      33 |  44.6
      Orc:1 |    3956 |       0 |   0.0 |      33 |       0 |   0.0
      Orc:2 |    2858 |   16766 |  85.4 |      39 |      38 |  49.4
      Elf:1 |   11693 |   11483 |  49.5 |      17 |      15 |  46.9
      Elf:2 |   10235 |    4459 |  30.3 |      19 |       4 |  17.4
      Elf:3 |   21090 |   31697 |  60.0 |      33 |      28 |  45.9
   Vaults:1 |   10377 |   25141 |  70.8 |      26 |      31 |  54.4
   Vaults:2 |   30539 |   37496 |  55.1 |      55 |      54 |  49.5
   Vaults:3 |   25563 |   28242 |  52.5 |      40 |      35 |  46.7
   Vaults:4 |   18826 |    5125 |  21.4 |      25 |       6 |  19.4
   Depths:1 |   37326 |   25148 |  40.3 |      49 |      30 |  38.0
   Depths:2 |   38323 |   49440 |  56.3 |      43 |      59 |  57.8
   Depths:3 |   37546 |   15570 |  29.3 |      46 |      18 |  28.1
   Depths:4 |   19302 |   24002 |  55.4 |      22 |      29 |  56.9
      Zot:1 |   42241 |       0 |   0.0 |      36 |       0 |   0.0
      Zot:2 |   37768 |       0 |   0.0 |      30 |       0 |   0.0
      Zot:3 |    9906 |       0 |   0.0 |       9 |       0 |   0.0
    Abyss:2 |    9000 |       0 |   0.0 |      20 |       0 |   0.0
    Abyss:3 |    1169 |       0 |   0.0 |       4 |       0 |   0.0
    Abyss:4 |     779 |    4547 |  85.4 |       2 |      12 |  85.7
      IceCv |       0 |    4496 | 100.0 |       0 |      50 | 100.0
            +---------+---------+-------+---------+---------+-------
